 Dungeon Crawl Stone Soup version 0.27-a0-59-gfbafd837a3 (webtiles) character file.

Game seed: 5519065294660001983

51 jmlagarto the Skirmisher (level 3, -1/34 HPs)
             Began as a Hill Orc Fighter on Jan 8, 2021.
             Succumbed to Sigmund's poison
             ... on level 2 of the Dungeon.
             The game lasted 00:12:07 (1452 turns).

jmlagarto the Skirmisher (Hill Orc Fighter)         Turns: 1452, Time: 00:12:07

Health: -1/34      AC: 11    Str: 19    XL:     3   Next: 81%
Magic:  3/3        EV:  3    Int:  8    God:
Gold:   104        SH:  9    Dex: 10    Spells: 2/2 levels left

rFire    . . .     SeeInvis .   i - +2 hunting sling (freeze)
rCold    . . .     Faith    .   c - +0 kite shield
rNeg     . . .     Spirit   .   m - +0 plate armour (curse)
rPois    .         Reflect  .   (no helmet)
rElec    .         Harm     .   (no cloak)
rCorr    .         Rampage  .   (no gloves)
Will     .....                  (no boots)
Stlth    ..........             (no amulet)
HPRegen  0.11/turn              p - ring of attention (curse)
MPRegen  0.08/turn              o - ring of flight

@: brilliant, lethally poisoned (-1 -> -24)
A: no striking features
a: Evoke Flight


You were on level 2 of the Dungeon.
You visited 1 branch of the dungeon, and saw 2 of its levels.

You collected 104 gold pieces.

Inventory:

Hand Weapons
 a - a +0 war axe
 i - a +2 hunting sling of freezing (weapon)
 j - a +0 hand axe
Missiles
 k - 14 poisoned darts
 l - 24 stones (quivered ammo)
Armour
 b - a +0 scale mail
 c - a +0 kite shield (worn)
 f - a +0 ring mail
 h - a +2 leather armour of fire resistance
 m - a cursed +0 plate armour (worn)
Jewellery
 g - an uncursed ring of wizardry
 o - a ring of flight (right hand)
 p - a cursed ring of attention (left hand)


   Skills:
 + Level 4.3 Fighting
 + Level 3.5 Axes
 + Level 3.7 Armour
 + Level 3.7 Shields


You had 2 spell levels left.
You didn't know any spells.
Your spell library was empty.

Dungeon Overview and Level Annotations

Branches:
Dungeon (2/15)

Altars:
Elyvilon

Annotations:
D:2 Sigmund


Message History

You feel very sick.
As you read the scroll labelled CAOS ICLELIOP, it crumbles to dust.
It is a scroll of amnesia.
You feel forgetful for a moment.
* * * LOW HITPOINT WARNING * * *
You feel sick.
A magic dart appears from out of thin air!
The magic dart hits you.
* * * LOW HITPOINT WARNING * * *
* * * LOW HITPOINT WARNING * * *
You feel very sick.
You feel clever all of a sudden.
* * * LOW HITPOINT WARNING * * *
You feel sick.
Your +2 hunting sling of freezing is covered in frost.
i - a +2 hunting sling of freezing (weapon)
* * * LOW HITPOINT WARNING * * *
You feel sick.
You fail to use your ability.
You die...

#.#####....#..,,*######### #.# #
#.....#........,*#.......# #.#
#####.#....#,...##.......####.#
####..#....#,,,...............#
<..#..#....#,,<,,#.......######
##.#.##(...#****,#)......#,,,#
.....(.>####*,,,,#.....).#...#***
...#.#### *,####{............,,
...#.# *,#.@........#...##**
...#.# *,#.###.#.####...# ...#.#
*,#.* #.#.# *,..#*** ...#.#
*,#.**#.#.#* ***##,,, ...#.#
*,#.**.....* *,,, .(.#.#
*,#.**.....* *,,, ...#.#
*,#.**,....* **,,,
...#.#######*,#.**,,,,,* *,,,,
...#.##....#*,*,**,,,,,* *,,,,


There were no monsters in sight!

Vanquished Creatures
  An adder (D:2)
  2 oozes (D:2)
  A worm (D:2)
  A dart slug (D:1)
  3 bats (D:1)
  3 giant cockroaches
  5 goblins
  4 hobgoblins
  A frilled lizard (D:1)
  4 kobolds
  2 rats
27 creatures vanquished.

Notes
Turn   | Place    | Note
-------+----------+-------------------------------------------
     0 | D:1      | jmlagarto the Hill Orc Fighter began the quest for the Orb.
     0 | D:1      | Reached XP level 1. HP: 19/19 MP: 1/1
    99 | D:1      | Reached XP level 2. HP: 20/27 MP: 2/2
   682 | D:1      | Reached skill level 4 in Fighting
   794 | D:2      | Reached XP level 3. HP: 33/33 MP: 3/3
   910 | D:2      | Noticed Sigmund
  1157 | D:2      | Found a white marble altar of Elyvilon.
  1451 | D:2      | HP: 1/34 [poisoned by Sigmund]
  1452 | D:2      | Succumbed to Sigmund's poison

Illustrated notes

Levels and vault maps discovered:
D:1:      heliophobic_arrival_battle_scene, layout_loops_ring,
          minmay_heptomino_l4
D:2:      layout_basic, elyvilon_altar_1, uniq_sigmund

Skill      XL: |  1  2 |
---------------+-------+-----
Axes           | 3 |  3.5
Fighting       | 4 |  4.3
Armour         | |  3.7
Shields        | |  3.7

Action                   || total
-------------------------++-------
Melee: War axe           ||   124
  Use: Scroll            ||     7
       Potion            ||     7
Armor: Ring mail         ||     5
       Plate armour      ||    77
Dodge: Dodged            ||    29
Block: Kite shield       ||    59

Table legend: (Time is in decaauts)
 A = Elapsed time spent in this place.
 B = Non-inter-level travel time spent in this place.
 C = Inter-level travel time spent in this place.
 D = Time resting spent in this place.
 E = Time spent auto-exploring this place.
 F = Levels seen in this place.
 G = Mean time per level.
                   A        B        C        D        E       F      G
               +--------+--------+--------+--------+--------+-----+--------+
         Total |   1482 |   1482 |      0 |     83 |    805 |   2 |  741.0 |
       Dungeon |   1482 |   1482 |      0 |     83 |    805 |   2 |  741.0 |
               +--------+--------+--------+--------+--------+-----+--------+

Top non-repeatable levels by time:
     D:2: 767 daAuts
     D:1: 715 daAuts
